Map: Big Great Hunters (no limit units)

Players

Gracz 2

  • Race: Zerg Zerg
  • Spawn Location: 7:00

NamroodTuo - Winner!

  • Race: Terran Terran
  • Spawn Location: 11:00

VOD

Have the link to the VOD?

Description

Time

  • Played on: Dec. 29, 2022, 12:34 p.m.
  • Length: 27:22
Show
View Real Time Build Order
Export as new Build Order

Gracz 2 Zerg 

Build Orders: Pool First 

Get SALT Encoding   

    0:00  Drone  
    0:07  Drone  
    0:23  Drone, Spawning Pool  
    0:30  Overlord  
    0:33  Unknown  
    0:35  Unknown  
    0:36  Drone  
    0:39  Drone  
    0:44  Unknown  
    0:45  Drone  
    0:46  Unknown  
    0:52  Unknown  
    0:56  Drone  
    0:59  Unknown  
    1:06  Drone  
    1:17  Drone  
    1:28  Zergling x2  
    1:32  Queen  
    1:38  Zergling x2  
    1:49  Zergling x2  
    2:00  Zergling x2  
    2:10  Zergling x2  
    2:21  Overlord  
    2:32  Drone  
    2:39  Zergling x6  
    2:44  Zergling x2  
    2:54  Overlord  
    3:05  Zergling x2  
    3:11  Zergling x6  
    3:17  Zergling x2  
    3:28  Zergling x2  
    3:38  Overlord  
    3:42  Zergling x6  
    3:50  Zergling x2  
    4:01  Drone  
    4:12  Drone  
    4:15  Drone x3  
    4:18  Hatchery  
    4:22  Roach Warren  
    4:23  Overlord  
    4:34  Overlord  
    4:42  Evolution Chamber  
    4:44  Evolution Chamber  
    4:45  Drone  
    4:46  Drone x3  
    4:57  Drone  
    5:07  Drone  
    5:17  Drone  
    5:18  Drone x2  
    5:19  Drone  
    5:29  Queen  
    5:30  Roach, Drone  
    5:33  Hatchery  
    5:41  Roach x2  
    5:48  Lair  
    5:49  Roach  
    5:50  Drone x2  
    5:51  Drone  
    5:52  Drone  
    6:02  Drone  
    6:03  Drone  
    6:06  Baneling Nest  
    6:12  Ravager  
    6:13  Drone  
    6:14  Roach  
    6:18  Ravager  
  6  6:21  Roach, Drone x2  
  6  6:23  Drone  
  6  6:26  Drone  
  6  6:30  Metabolic Boost  
  6  6:34  Drone  
  6  6:35  Zerg Melee Weapons Level 1  
  6  6:36  Drone  
  6  6:38  Spine Crawler  
  6  6:41  Zerg Ground Armor Level 1  
  6  6:45  Drone x2, Queen  
  6  6:47  Drone  
  6  6:48  Hydralisk Den  
  6  6:49  Drone x2  
  6  6:50  Roach, Spire, Baneling  
  6  6:51  Baneling  
  6  6:52  Baneling  
  6  6:54  Baneling x2  
  6  6:55  Drone, Baneling  
  6  6:56  Drone, Baneling  
  6  6:58  Drone  
  6  6:59  Roach x2, Drone  
  6  7:00  Overseer  
  6  7:06  Drone  
  6  7:07  Drone  
  6  7:09  Drone  
  6  7:17  Hydralisk  
  6  7:18  Hydralisk  
  6  7:19  Hydralisk  
  6  7:26  Evolution Chamber  
  6  7:27  Hydralisk, Roach, Drone  
  6  7:28  Drone  
  6  7:29  Infestation Pit  
  6  7:30  Drone  
  6  7:31  Drone  
  6  7:39  Drone  
  6  7:40  Drone  
  6  7:41  Drone  
  6  7:49  Drone  
  6  7:51  Drone  
  6  7:52  Zerg Missile Weapons Level 1, Drone x3  
  6  7:53  Drone  
  6  7:55  Hydralisk, Roach  
  6  7:56  Drone  
  6  8:00  Drone  
  6  8:03  Drone  
  6  8:04  Drone  
  6  8:07  Glial Reconstitution  
  6  8:09  Hive  
  6  8:11  Drone  
  6  8:13  Drone  
  6  8:14  Drone  
  6  8:21  Drone  
  6  8:24  Drone, Infestor x2  
  6  8:25  Drone x2  
  6  8:30  Spine Crawler, Zerg Melee Weapons Level 2  
  6  8:32  Drone  
  6  8:34  Queen  
  6  8:35  Drone  
  6  8:36  Drone  
  6  8:39  Zerg Ground Armor Level 2  
  6  8:43  Drone  
  6  8:46  Drone, Mutalisk  
  6  8:52  Hydralisk, Mutalisk  
  6  8:53  Mutalisk x2  
  6  8:57  Mutalisk x2  
  6  9:04  Mutalisk  
  6  9:07  Mutalisk  
  6  9:08  Mutalisk  
  6  9:13  Spine Crawler  
  6  9:15  Drone  
  6  9:18  Mutalisk  
  6  9:19  Roach  
  6  9:20  Lair  
  6  9:22  Roach  
  6  9:24  Viper x2  
  6  9:27  Hydralisk  
  6  9:48  Zerg Missile Weapons Level 2  
  6  9:49  Overseer  
  6  9:54  Roach, Drone, Spore Crawler  
  6  9:55  Roach  
  6  9:56  Hydralisk  
  6  9:57  Hydralisk  
  6  9:58  Overseer  
  6  9:59  Hydralisk  
  6  10:03  Mutalisk  
  6  10:06  Mutalisk  
  6  10:11  Infestor  
  6  10:19  Spore Crawler  
  6  10:20  Drone, Baneling  
  6  10:21  Baneling, Zergling x2  
  6  10:22  Zergling x2  
  6  10:23  Zergling x8  
  6  10:24  Zergling x6  
  6  10:27  Centrifugal Hooks, Zergling x2  
  6  10:30  Hatchery  
  6  10:34  Drone, Mutalisk  
  6  10:37  Mutalisk  
  6  10:39  Baneling  
  6  10:40  Baneling x4  
  6  10:41  Baneling x5  
  6  10:42  Baneling x2  
  6  10:44  Zergling x2  
  6  10:45  Zergling x2, Spore Crawler  
  6  10:46  Zerg Melee Weapons Level 3  
  6  10:47  Zergling x2  
  6  10:48  Drone, Zergling x4  
  6  10:53  Pathogen Glands  
  6  10:56  Zergling x2, Infestor  
  6  10:57  Zerg Ground Armor Level 3  
  6  10:59  Roach  
  6  11:00  Ravager x2  
  12  11:06  Viper  
  12  11:07  Roach  
  12  11:10  Roach  
  12  11:11  Spore Crawler  
  12  11:15  Hydralisk  
  12  11:16  Roach, Drone  
  12  11:17  Roach  
  12  11:18  Roach  
  12  11:21  Roach  
  12  11:27  Hydralisk  
  12  11:28  Infestor  
  12  11:31  Infestor  
  12  11:34  Ravager  
  12  11:36  Ravager  
  12  11:38  Viper  
  18  11:40  Roach  
  18  11:41  Viper  
  18  11:42  Roach  
  18  11:44  Mutalisk, Viper  
  18  11:49  Neural Parasite  
  18  11:50  Mutalisk  
  18  11:55  Ultralisk Cavern  
  18  11:56  Drone  
  18  12:05  Zerg Missile Weapons Level 3  
  18  12:08  Infestor  
  18  12:09  Infestor  
  18  12:14  Corruptor  
  18  12:18  Corruptor  
  18  12:21  Corruptor  
  18  12:24  Corruptor  
  18  12:27  Corruptor  
  18  12:30  Corruptor  
  18  12:35  Adrenal Glands, Infestor  
  18  12:39  Infestor  
  18  12:44  Infestor  
  18  12:45  Ultralisk  
  18  12:46  Ultralisk x3  
  18  12:47  Ultralisk  
  18  12:49  Ultralisk  
  18  12:55  Ultralisk  
  18  13:08  Ultralisk  
  18  13:16  Overseer  
  18  13:30  Infestor  
  18  13:35  Hydralisk  
  18  13:37  Hydralisk, Lurker Den  
  18  13:38  Hydralisk, Drone, Pneumatized Carapace  
  18  13:40  Hydralisk  
  18  13:42  Hydralisk  
  18  13:43  Hydralisk  
  18  13:47  Ultralisk  
  18  13:48  Ultralisk  
  18  13:49  Ultralisk x2  
  18  14:08  Chitinous Plating  
  18  14:12  Zerg Flyer Weapons Level 1  
  18  15:06  Burrow  
  18  15:14  Tunneling Claws  
  18  15:21  Zergling x2, Baneling  
  18  15:22  Zergling x4, Baneling x2  
  18  15:23  Zergling x4, Ultralisk, Baneling x2  
  18  15:24  Zergling x8, Baneling  
  18  15:25  Baneling x3, Infestor, Zergling x2  
  18  15:26  Ultralisk  
  18  15:30  Hydralisk x2  
  18  15:32  Corruptor  
  18  15:33  Corruptor x6  
  18  15:34  Corruptor x3  
  18  15:37  Corruptor  
  18  15:39  Baneling  
  18  15:40  Baneling  
  18  15:43  Zergling x2  
  18  15:44  Hydralisk, Infestor  
  18  15:48  Hydralisk  
  18  15:50  Baneling  
  18  15:53  Zergling x2  
  18  15:55  Infestor x2  
  18  15:58  Infestor  
  18  16:01  Infestor  
  18  16:02  Hydralisk, Infestor  
  18  16:03  Hydralisk  
  18  16:05  Hydralisk  
  18  16:06  Hydralisk, Zerg Flyer Armor Level 1  
  18  16:10  Hydralisk  
  18  16:13  Baneling  
  18  16:14  Corruptor  
  18  16:16  Corruptor x2  
  18  16:20  Lurker  
  18  16:21  Corruptor  
  18  16:25  Corruptor  
  12  16:27  Corruptor x2  
  12  16:31  Infestor, Viper x2  
  12  16:33  Hydralisk  
  12  16:36  Hydralisk  
  12  16:38  Ultralisk  
  12  16:39  Viper  
  12  16:41  Lurker  
  12  16:43  Hydralisk  
  15  16:47  Viper  
  15  16:54  Ultralisk  
  15  17:00  Ultralisk  
  15  17:02  Corruptor  
  15  17:05  Corruptor  
  15  17:10  Infestor  
  15  17:15  Infestor  
  15  17:19  Infestor  
  15  17:24  Infestor  
  15  17:28  Lurker  
  18  17:30  Hydralisk  
  18  17:32  Lurker  
  18  17:33  Hydralisk  
  18  17:36  Ravager  
  24  17:38  Ravager  
  24  17:41  Hydralisk x2, Roach x3, Ravager  
  24  17:42  Roach x3  
  24  17:43  Roach, Hydralisk  
  30  17:45  Hydralisk  
  30  17:51  Hydralisk x2  
  30  17:52  Hydralisk x2  
  30  18:00  Zerg Flyer Weapons Level 2  
  30  18:42  Infestor x2  
  30  18:43  Hydralisk x2, Infestor  
  30  18:44  Hydralisk x3, Drone  
  30  18:45  Hydralisk x3, Infestor  
  30  18:46  Hydralisk x2  
  30  18:50  Corruptor  
  30  18:53  Queen x2, Corruptor x2  
  30  18:54  Corruptor  
  30  18:55  Queen, Corruptor  
  30  18:56  Zergling x2  
  30  18:58  Queen, Corruptor  
  30  19:01  Drone x2  
  30  19:02  Drone  
  30  19:03  Corruptor  
  30  19:04  Corruptor  
  30  19:07  Corruptor  
  30  19:10  Drone  
  30  19:12  Evolution Chamber  
  30  19:14  Drone  
  30  19:15  Drone  
  30  19:17  Drone  
  30  19:18  Drone  
  30  19:19  Spore Crawler  
  30  19:22  Zergling x4, Corruptor  
  30  19:25  Hydralisk, Drone x3  
  30  19:26  Zergling x2  
  30  19:27  Hydralisk  
  30  19:28  Hydralisk  
  30  19:33  Spore Crawler  
  30  19:36  Queen, Infestor x2  
  30  19:39  Zergling x2  
  30  19:40  Drone  
  30  19:47  Drone x2  
  30  19:49  Drone, Viper  
  30  19:50  Viper  
  30  19:51  Drone, Infestor  
  30  19:58  Drone x2  
  30  20:00  Drone, Infestor  
  30  20:03  Baneling Nest  
  30  20:05  Hydralisk x2  
  30  20:06  Drone  
  30  20:09  Hydralisk x2  
  30  20:10  Hydralisk  
  30  20:12  Hydralisk  
  30  20:15  Hydralisk, Viper x2  
  30  20:17  Greater Spire  
  30  20:20  Infestor  
  30  20:26  Infestor  
  30  20:30  Infestor  
  30  20:35  Infestor  
  30  20:36  Hydralisk  
  30  20:37  Hydralisk  
  30  20:42  Infestor  
  30  20:47  Infestor  
  30  20:48  Baneling, Zergling x2  
  30  20:56  Infestor  
  30  20:57  Infestor  
  30  21:28  Zerg Flyer Weapons Level 3  
  30  21:31  Brood Lord  
  30  21:32  Corruptor x3, Brood Lord x3  
  30  21:33  Brood Lord  
  30  21:36  Brood Lord  
  30  21:41  Brood Lord  
  30  21:46  Brood Lord  
  30  21:52  Corruptor  
  30  21:55  Corruptor  
  30  21:58  Corruptor  
  30  22:05  Brood Lord x2  
  30  22:06  Corruptor  
  30  22:09  Corruptor  
  30  22:14  Brood Lord  
  30  22:17  Corruptor  
  30  22:24  Brood Lord  
  30  22:25  Corruptor  
  30  22:30  Brood Lord  
  30  22:32  Corruptor  
  30  22:38  Brood Lord  
  30  22:40  Corruptor  
  30  23:24  Zergling x2  
  30  23:26  Zergling x2  
  30  23:34  Zergling x4  
  30  23:35  Overlord, Zergling x2, Overseer  
  30  23:41  Corruptor  
  30  24:17  Zergling x4, Infestor x2  
  27  24:18  Roach, Baneling x2, Zergling x2  
  27  24:23  Zergling x4, Baneling x2  
  24  24:24  Zergling x4, Baneling  
  24  24:25  Ultralisk x2, Zergling x4  
  24  24:26  Baneling, Corruptor, Ultralisk  
  24  24:27  Zergling x4, Baneling  
  24  24:28  Roach, Ultralisk, Zergling x2  
  24  24:30  Hydralisk, Roach, Ultralisk, Corruptor x2  
  24  24:31  Roach x2  
  24  24:35  Baneling  
  24  24:36  Baneling  
  24  24:37  Spire, Baneling x2, Viper  
  24  24:38  Roach, Drone, Baneling, Infestor  
  21  24:39  Zergling x2  
  21  24:41  Hydralisk, Roach  
  21  24:49  Infestor  
  21  24:50  Viper  
  21  24:51  Infestor  
  21  24:52  Zergling x2  
  18  24:59  Infestor  
  18  25:00  Infestor  
  18  25:02  Zergling x2, Corruptor  
  18  25:05  Infestor  
  18  25:06  Hydralisk, Roach  
  18  25:07  Brood Lord  
  18  25:09  Lurker, Brood Lord  
  18  25:10  Viper  
  18  25:13  Overlord  
  18  25:14  Hydralisk, Brood Lord  
  21  25:15  Corruptor  
  21  25:21  Corruptor  
  21  25:23  Corruptor  
  21  25:24  Corruptor  
  21  25:27  Corruptor  
  21  25:31  Corruptor  
  21  25:32  Drone x2  
  21  25:35  Hydralisk, Queen, Overseer  
  15  25:36  Hydralisk  
  15  25:37  Queen, Corruptor  
  15  25:39  Hydralisk  
  15  25:40  Queen x2, Zergling x2  
  15  25:42  Corruptor  
  6  25:45  Corruptor  
  6  25:46  Drone x2  
  6  25:49  Spine Crawler  
  3  25:54  Roach  
  3  25:56  Zergling x2  
  3  25:57  Roach x2  
    26:03  Roach, Drone x2  
    26:04  Corruptor  
    26:07  Drone, Zergling x2  
    26:08  Ultralisk  
    26:09  Drone  
    26:13  Spine Crawler  
    26:15  Drone  
    26:17  Drone  
    26:18  Drone  
    26:19  Drone  
    26:28  Drone  
    26:39  Drone  
Show
View Real Time Build Order
Export as new Build Order

NamroodTuo Terran - Winner!

Build Orders:  

Get SALT Encoding   

    0:00  SCV  
    0:12  SCV  
    0:25  SCV  
    0:35  Supply Depot  
    0:37  SCV  
    0:49  SCV  
    1:01  Barracks, SCV  
    1:13  SCV  
    1:15  Engineering Bay  
    1:23  Unknown  
    1:24  Unknown  
    1:25  SCV  
    1:26  Unknown  
    1:29  Unknown  
    1:32  Unknown  
    1:34  Unknown  
    1:37  SCV  
    1:39  Barracks  
    1:44  Barracks  
    1:49  SCV  
    1:55  Marine  
    2:01  SCV  
    2:13  Marine, SCV  
    2:17  Engineering Bay  
    2:25  SCV  
    2:30  Marine  
    2:33  Marine  
    2:34  Marine  
    2:38  SCV  
    2:47  Barracks  
    2:48  Marine  
    2:50  SCV  
    2:51  Barracks, Marine  
    2:52  Marine  
    3:02  SCV  
    3:03  Barracks  
    3:06  Marine  
    3:08  Marine  
    3:10  Marine  
    3:14  SCV  
    3:24  Marine  
    3:25  Hi-Sec Auto Tracking  
    3:26  Marine  
    3:27  Neosteel Armor  
    3:28  Marine  
    3:37  Factory  
    3:41  SCV  
    3:47  Barracks Tech Lab  
    3:49  Barracks Tech Lab  
    3:51  Barracks Tech Lab  
    3:53  SCV  
    3:55  Barracks Tech Lab x2  
    3:56  Barracks Tech Lab  
    4:01  Bunker  
    4:05  SCV  
    4:10  Marine  
    4:11  Marine x2  
    4:17  SCV  
    4:22  Terran Infantry Weapons Level 1  
    4:28  Marine x2  
    4:29  SCV  
    4:34  Bunker  
    4:41  SCV  
    4:50  Armory  
    4:53  SCV  
    5:02  Starport  
    5:05  SCV, Starport  
    5:06  Marine  
    5:07  Marine x5, Terran Infantry Armor Level 1  
    5:09  Starport  
    5:17  SCV  
    5:19  Bunker  
    5:24  Marine  
    5:25  Marine  
    5:29  SCV  
    5:42  SCV  
    5:44  Bunker  
    5:52  Marine x6  
    5:54  SCV  
    6:06  SCV  
    6:09  Marine  
    6:11  Marauder x5  
    6:13  Fusion Core  
    6:18  SCV, Starport Tech Lab x3  
    6:27  Missile Turret  
    6:30  SCV  
    6:37  Missile Turret  
    6:42  SCV  
    6:45  Missile Turret  
    6:47  Missile Turret  
    6:50  Combat Shield  
    6:51  Stimpack  
    6:53  Concussive Shells  
    6:54  SCV  
    6:57  Missile Turret  
    7:03  Terran Infantry Weapons Level 2  
    7:05  Missile Turret  
    7:06  SCV  
    7:08  Missile Turret, Terran Infantry Armor Level 2  
    7:18  SCV, Missile Turret  
    7:28  Marine x3, Missile Turret  
    7:29  Marine x3  
    7:30  SCV  
    7:43  SCV  
    7:46  Marine x6  
    7:48  Weapon Refit  
    7:49  Missile Turret  
    7:55  SCV  
    7:59  Starport  
    8:04  Marine x4  
    8:05  Marauder x2  
    8:07  SCV  
    8:17  Terran Vehicle Weapons Level 1  
    8:19  SCV  
    8:22  Marauder x3  
    8:23  Marauder  
    8:25  Armory  
    8:26  Marine, Marauder  
    8:28  Corvid Reactor  
    8:29  Cloaking Field  
    8:31  SCV  
    8:32  Hyperflight Rotors  
    8:43  Marine x3, SCV  
    8:44  Marauder x2  
    8:48  Marauder  
    8:55  SCV  
    9:01  Marine x2  
    9:02  Marauder  
    9:05  Marine, Marauder  
    9:07  SCV  
    9:09  Marauder  
    9:15  Command Center  
    9:18  Marine  
    9:19  Marine, SCV  
    9:20  Terran Ship Weapons Level 1  
    9:21  Command Center  
    9:22  Marine  
    9:28  Rapid Reignition System  
    9:31  SCV  
    9:44  Starport  
    9:45  Starport Tech Lab  
    9:57  Missile Turret  
    10:11  Terran Vehicle And Ship Armor Level 1  
    10:16  Starport  
    10:18  Missile Turret  
    10:24  Advanced Ballistics  
    10:33  Orbital Command  
    10:35  Orbital Command  
    10:37  Orbital Command, Missile Turret  
    11:03  Missile Turret  
    11:24  Missile Turret  
    11:35  Marine x2  
    11:36  Marine, Marauder x3  
    11:44  Starport Tech Lab, Missile Turret  
    11:50  Terran Ship Weapons Level 2  
    11:53  Marine x2  
    11:54  Marauder  
    11:55  Terran Infantry Armor Level 3  
    11:57  Marine, Marauder  
    11:58  Marauder  
    12:04  Missile Turret  
    12:05  Terran Vehicle Weapons Level 2  
    12:11  Marine  
    12:12  Marauder  
    12:15  Marine, Marauder, Terran Infantry Weapons Level 3  
    12:18  Marine  
    12:19  Marauder  
    12:29  Marine  
    12:33  Marine, Marauder  
    12:36  Marine, Marauder  
    12:41  Marauder  
    12:43  Battlecruiser x2  
    12:44  Battlecruiser x3  
    12:46  Marine  
    12:51  Marauder, Starport Tech Lab  
    12:54  Marine, Marauder  
    12:57  Marine  
    13:02  Marauder  
    13:04  Marine  
    13:12  Marine, Marauder  
    13:15  Marine  
    13:16  Marauder  
    13:23  Marauder, Missile Turret, Marine  
    13:30  Marauder  
    13:33  Marine  
    13:34  Marauder  
    13:36  Marine  
    13:41  Marauder  
    13:43  Marine, Missile Turret  
    13:47  Battlecruiser  
    13:48  Battlecruiser x3  
    13:51  Marine, Marauder  
    13:55  Battlecruiser x2  
    14:04  Missile Turret  
    14:05  Terran Vehicle And Ship Armor Level 2  
    14:21  Terran Ship Weapons Level 3  
    14:25  Missile Turret  
    14:45  Missile Turret  
    14:52  Battlecruiser x4  
    14:59  Battlecruiser x2  
    15:06  Missile Turret  
    15:27  Missile Turret  
    15:48  Missile Turret  
    15:56  Battlecruiser x3  
    15:57  Battlecruiser  
    16:03  Battlecruiser  
    16:04  Battlecruiser  
    16:09  Missile Turret  
    16:29  Missile Turret  
    16:36  Marine x3, Marauder x2  
    16:37  Marauder  
    16:51  Missile Turret  
    16:54  Marine, Factory Tech Lab, Marauder  
    16:55  Marauder  
    16:57  Marine x2  
    16:58  Marauder, Factory  
    17:00  Battlecruiser x2  
    17:01  Battlecruiser x2  
    17:04  Factory  
    17:07  Battlecruiser  
    17:08  Battlecruiser  
    17:12  Marauder  
    17:15  Marine x2  
    17:16  Marauder x2  
    17:17  SCV  
    17:19  Marine  
    17:29  SCV  
    17:33  Marine, Marauder  
    17:34  Marauder  
    17:36  Marine  
    17:37  Marine, Marauder  
    17:41  SCV  
    17:51  Marauder, Terran Vehicle Weapons Level 3  
    17:53  SCV, Terran Vehicle And Ship Armor Level 3  
    17:54  Marine x2  
    17:55  Marauder x2, Factory Tech Lab  
    17:58  Marine  
    18:02  Factory Tech Lab  
    18:04  Battlecruiser  
    18:05  Battlecruiser x3  
    18:06  SCV  
    18:07  Factory  
    18:12  Battlecruiser  
    18:17  Siege Tank  
    18:18  SCV, Siege Tank  
    18:30  Battlecruiser  
    18:50  Siege Tank x2  
    19:09  Battlecruiser x4  
    19:22  Siege Tank x2  
    19:39  Siege Tank  
    19:42  Factory Tech Lab  
    19:54  Siege Tank x2  
    20:11  Siege Tank  
    20:26  Siege Tank x2  
    20:43  Siege Tank  
    20:52  Missile Turret  
    20:58  Missile Turret, Siege Tank x2  
    21:11  Missile Turret  
    21:15  Siege Tank  
    21:20  Missile Turret  
    21:36  Missile Turret  
    21:50  Missile Turret  
    21:55  Missile Turret  
    22:02  Missile Turret  
    22:18  Missile Turret  
    22:28  Battlecruiser x6  
    22:56  Missile Turret  
    23:21  SCV  
    23:32  Battlecruiser  
    23:33  Battlecruiser x5  
    23:34  SCV  
    23:46  SCV  
    23:58  SCV  
    24:05  Siege Tank  
    24:06  Siege Tank  
    24:07  Siege Tank  
    24:08  Siege Tank  
    24:10  SCV  
    24:36  Battlecruiser  
    24:37  Battlecruiser x5  
    25:11  Siege Tank x3  
    25:12  Siege Tank  
    25:41  Battlecruiser x6  
Tags
 
Add a new tag
Caveats
  • Supply blocks, unpowered buildings, or Contaminate may cause inaccurate times.
  • Supply counts are checked every 10 seconds.